 Dungeon Crawl Stone Soup version 0.21.1-1-g345015fe64 (webtiles) character file.

667 LisaTheBanana the Shield-Bearer (level 7, -3/55 HPs)
             Began as a Formicid Fighter on Apr 8, 2018.
             Was an Initiate of the Shining One.
             Slain by a flying skull (7 damage)
             ... created by the anger of Yredelemnul
             ... on level 5 of the Dungeon.
             The game lasted 00:26:38 (4046 turns).

LisaTheBanana the Shield-Bearer (Formicid Fighter)  Turns: 4046, Time: 00:26:39

Health: -3/55      AC: 13    Str: 20    XL:     7   Next: 88%
Magic:  7/7        EV:  5    Int:  8    God:    the Shining One [......]
Gold:   125        SH: 10    Dex: 12    Spells: 6/6 levels left

rFire    . . .     SeeInvis +   n - +2 spear
rCold    . . .     Gourm    .   c - +0 shield
rNeg     . . .     Faith    .   l - +0 plate armour
rPois    .         Spirit   .   (helmet unavailable)
rElec    .         Reflect  .   q - +0 cloak
rCorr    .         Harm     .   (no gloves)
MR       +....                  (no boots)
Stlth    ..........             g - amulet of regeneration
HPRegen  0.58/turn              e - ring of protection from magic
MPRegen  0.10/turn              (no ring)

@: glowing
A: permanent stasis, dig shafts and tunnels, four strong arms, antennae 3
a: Dig, Shaft Self, Renounce Religion


You were on level 5 of the Dungeon.
You worshipped the Shining One.
The Shining One was noncommittal.
You were hungry.

You visited 1 branch of the dungeon, and saw 5 of its levels.

You collected 225 gold pieces.
You spent 100 gold pieces at shops.

Inventory:

Hand Weapons
 a - a +0 flail
 n - a +2 spear (weapon)
 p - a +2 quarterstaff of chaos
 r - a +0 halberd
Armour
 b - a +0 scale mail
 c - a +0 shield (worn)
 l - a +0 plate armour (worn)
 q - a +0 cloak (worn)
Jewellery
 e - a ring of protection from magic (left hand)
 g - an amulet of regeneration (around neck)
 j - a cursed ring of loudness
Scrolls
 h - 2 scrolls of identify
 i - 2 scrolls of teleportation
 m - a scroll of remove curse
 s - 2 scrolls of magic mapping
Potions
 d - 2 potions of might
 k - a potion of flight
 o - 3 potions of haste {unknown}
 t - a potion of curing
Comestibles
 f - 3 rations


   Skills:
 + Level 4.4 Fighting
 + Level 2.3 Maces & Flails
 + Level 4.4 Polearms
 + Level 4.9 Armour
 + Level 0.6 Dodging
 + Level 0.1 Stealth
 + Level 6.4 Shields


You had 6 spell levels left.
You didn't know any spells.

Dungeon Overview and Level Annotations

Branches:
Dungeon (5/15)             Temple (0/1) D:4

Altars:
Makhleb
Sif Muna
Yredelemnul
The Shining One

Shops:
D:4 !


Innate Abilities, Weirdness & Mutations

You cannot be hasted, slowed, berserked, paralysed or teleported.
You can dig through walls and to a lower floor.
Your four strong arms can wield two-handed weapons with a shield.
You have a pair of large antennae on your head. (SInv)


Message History

The flying skull hits you but does no damage.
You block the flying skull's attack. The flying skull barely misses you.
The flying skull hits you.
* * * LOW HITPOINT WARNING * * *
You hit the flying skull but do no damage.
The flying skull is moderately damaged.
You block the flying skull's attack. The flying skull completely misses you.
You hit the flying skull but do no damage.
The flying skull is moderately damaged.
The flying skull hits you!
* * * LOW HITPOINT WARNING * * *
The flying skull hits you.
* * * LOW HITPOINT WARNING * * *
The flying skull hits you but does no damage.
The flying skull hits you.
* * * LOW HITPOINT WARNING * * *
You hit the flying skull but do no damage.
The flying skull is moderately damaged.
The flying skull hits you!
You die...

.. .# ..
#. #.##
..####.##
#........
#@z...?..
#z.......
#######.#
{


You could see 2 flying skulls.

Vanquished Creatures
  A wraith (D:4)
  2 ice beasts (D:4)
  A scorpion (D:4)
  A hound (D:4)
  An orc priest (D:4)
  Crazy Yiuf (D:3)
  A bullfrog skeleton (D:4)
  2 worker ants (D:4)
  An iguana (D:4)
  3 gnolls (D:4)
  11 adders
  A shadow imp (D:3)
  An ooze (D:2)
  4 worms
  2 dart slugs
  2 leopard geckos
  7 orcs
  9 bats
  6 giant cockroaches
  14 goblins
  7 hobgoblins
  3 jackals (D:1)
  2 quokkas
  6 frilled lizards
  A jackal skeleton (D:4)
  5 kobolds
  3 rats
98 creatures vanquished.

Notes
Turn   | Place    | Note
-------+----------+-------------------------------------------
     0 | D:1      | LisaTheBanana the Formicid Fighter began the quest for the Orb.
     0 | D:1      | Reached XP level 1. HP: 18/18 MP: 1/1
   297 | D:1      | Reached XP level 2. HP: 24/24 MP: 2/2
   534 | D:1      | Reached skill level 4 in Shields
   552 | D:1      | Reached XP level 3. HP: 5/29 MP: 3/3
  1285 | D:2      | Reached XP level 4. HP: 13/37 MP: 4/4
  1577 | D:2      | Reached skill level 1 in Polearms
  1781 | D:2      | Reached XP level 5. HP: 30/42 MP: 5/5
  2421 | D:3      | Found a faded altar of an unknown god.
  2449 | D:3      | Reached skill level 5 in Shields
  2468 | D:3      | Became a worshipper of Yredelemnul the Dark
  2468 | D:3      | Reached * piety under Yredelemnul
  2477 | D:3      | Fell from the grace of Yredelemnul
  2624 | D:3      | Found a deep blue altar of Sif Muna.
  2726 | D:3      | Found a glowing golden altar of the Shining One.
  2726 | D:3      | Found a basalt altar of Yredelemnul.
  2731 | D:3      | Noticed an angel
  2741 | D:3      | Noticed a profane servitor
  2760 | D:3      | Became a worshipper of the Shining One
  2882 | D:3      | Found a runed door.
  2886 | D:3      | Noticed Crazy Yiuf
  2892 | D:3      | Killed Crazy Yiuf
  2892 | D:3      | Reached XP level 6. HP: 37/48 MP: 6/6
  3251 | D:3      | Found a burning altar of Makhleb.
  3304 | D:4      | Noticed an ice beast
  3326 | D:4      | Killed an ice beast
  3433 | D:4      | Reached XP level 7. HP: 45/54 MP: 7/7
  3479 | D:4      | Reached skill level 6 in Shields
  3702 | D:4      | Found Huvul's Distillery.
  3721 | D:4      | Bought 2 potions of heal wounds for 100 gold pieces
  3795 | D:4      | Found a staircase to the Ecumenical Temple.
  3851 | D:4      | Noticed a wraith
  3880 | D:4      | Killed a wraith
  3967 | D:4      | Noticed a flying skull
  3967 | D:4      | Noticed a flying skull
  4033 | D:5      | Entered Level 5 of the Dungeon
  4046 | D:5      | Slain by a flying skull

Skill      XL: |  1  2  3  4  5  6  7 |
---------------+----------------------+-----
Shields        | 4 5 6 |  6.4
Polearms       | 1 2 3 4 |  4.4
Fighting       | 4 |  4.4
Armour         | 4 |  4.9
Maces & Flails | |  2.3
Dodging        | |  0.6
Stealth        | |  0.1

Action                   |  1- 3 |  4- 6 |  7- 9 || total
-------------------------+-------+-------+-------++-------
Melee: Flail             |    72 |       |       ||    72
       Spear             |    72 |   288 |   159 ||   519
Invok: Renounce Religion |       |     1 |       ||     1
  Use: Scroll            |     4 |     7 |       ||    11
       Potion            |     1 |     3 |     2 ||     6
  Eat: Ration            |     1 |       |       ||     1
       Chunk             |       |     5 |     2 ||     7
Armor: Scale mail        |    45 |       |       ||    45
       Plate armour      |    41 |   150 |    89 ||   280
Dodge: Dodged            |    42 |    33 |    29 ||   104
Block: Shield            |    87 |   126 |    96 ||   309
